 Dungeon Crawl Stone Soup version 0.30-a0-358-g0d69a1922f (webtiles) character file.

Game seed: 12362146823751394556

307 Fcdlsnvl the Vexing (level 6, -3/28 HPs)
             Began as a Spriggan Enchanter on Nov 9, 2022.
             Slain by a two-headed ogre
             ... wielding a +0 giant club
              (14 damage)
             ... on level 4 of the Dungeon.
             The game lasted 00:08:50 (3424 turns).

Fcdlsnvl the Vexing (Spriggan Enchanter)            Turns: 3424, Time: 00:08:52

Health: -3/28      AC:  2    Str:  4    XL:     6   Next: 16%
Magic:  21/24      EV: 18    Int: 17    God:
Gold:   128        SH:  0    Dex: 21    Spells: 5/16 levels left

rFire   . . .      SeeInvis +    a - +1 dagger
rCold   . . .      Faith    .    (no shield)
rNeg    + . .      Spirit   .    b - +0 robe
rPois   .          Reflect  .    (helmet restricted)
rElec   .          Harm     .    (no cloak)
rCorr   .          Rampage  .    (gloves unavailable)
Will    +....                    (boots unavailable)
Stlth   +++.......               (no amulet)
HPRegen 0.24/turn                d - ring of magical power
MPRegen 0.19/turn                f - ring "Vira" {rN+ Dex+4 SInv}

@: very quick
A: very small, no large weapons, unfitting armour, see invisible, speed 3
a: no special abilities


You were on level 4 of the Dungeon.
You visited 1 branch of the dungeon, and saw 4 of its levels.

You collected 128 gold pieces.

Inventory:

Hand Weapons
 a - a +1 dagger (weapon)
Armour
 b - a +0 robe (worn)
Jewellery
 d - a ring of magical power (left hand)
 f - the ring "Vira" (right hand) {rN+ Dex+4 SInv}
   (You found it on level 2 of the Dungeon)

   [ring of see invisible]

   Dex:       It affects your dexterity (+4).
   rN:        It protects you from negative energy.
   SInv:      It lets you see invisible.
 l - a ring of willpower
Scrolls
 e - a scroll of teleportation
 h - 3 scrolls of fear
 m - a scroll of blinking
Potions
 c - 2 potions of invisibility
 g - a potion of heal wounds {unknown}
 i - 3 potions of curing {unknown}
 j - a potion of mutation {unknown}
 k - a potion of might {unknown}


   Skills:
 - Level 1.1 Short Blades
 - Level 2.6 Dodging
 + Level 5.6 Stealth
 + Level 5.6 Spellcasting
 + Level 6.1 Hexes


You had 5 spell levels left.
You knew the following spells:

 Your Spells              Type           Power      Damage    Failure   Level
a - Ensorcelled Hibernat  Hex/Ice        30%        N/A       6%          2
b - Tukima's Dance        Hex            25%        N/A       3%          3
c - Dazzling Flash        Conj/Hex       30%        N/A       12%         3
d - Confusing Touch       Hex            25%        N/A       3%          3

Your spell library contained the following spells:

 Spells                   Type           Power      Damage    Failure   Level


Dungeon Overview and Level Annotations

Branches:
Dungeon (4/15)
 Temple: D:4-7

Altars:
Hepliaklqana
Trog

Annotations:
D:2 Robin
D:3 2 transporters, choppaz's ghost, amateur DjFE


Innate Abilities, Weirdness & Mutations

You are very small and have problems with some larger weapons.
You are too small for most types of armour.
You have supernaturally acute eyesight. (SInv)
You cover ground extremely quickly. (Speed+++)


Message History

Unknown command.
Unknown command.
Partly explored, unvisited transporter.
(D) Dungeon
Where to? (Enter - D:3, ? - help)
There is an open door here.
There is an open door here.
There is a stone staircase leading down here.
You climb downwards.
Found a stone staircase leading down.
There is a stone staircase leading up here.
Unknown command.
Found a falchion.
A two-headed ogre comes into view.
It is wielding a +0 giant club and a +0 giant spiked club.
The helpless two-headed ogre fails to defend itself.
You impale the two-headed ogre!!
The two-headed ogre is moderately wounded.
The two-headed ogre hits you with a +0 giant club!!
Ouch! That really hurt!
The two-headed ogre misses you.
Unknown command.
Casting: Confusing Touch (dangerous; 3% risk of failure)
Confirm with . or Enter, or press ? or * to list all spells.
Aiming: Ensorcelled Hibernation (safe; 6% risk of failure)
Press: ? - help, Shift-Dir - straight line, f - two-headed ogre
Aim: a two-headed ogre, wielding a +0 giant club and a +0 giant spiked club (moderately wounded, chance to affect: 31%)
The two-headed ogre easily resists.
Casting: Ensorcelled Hibernation (safe; 6% risk of failure)
Confirm with . or Enter, or press ? or * to list all spells.
Aiming: Ensorcelled Hibernation (safe; 6% risk of failure)
Press: ? - help, Shift-Dir - straight line, f/p - two-headed ogre
Aim: a two-headed ogre, wielding a +0 giant club and a +0 giant spiked club (moderately wounded, chance to affect: 31%)
The two-headed ogre looks drowsy...
The helpless two-headed ogre fails to defend itself.
You impale the two-headed ogre!!
The two-headed ogre is severely wounded.
The two-headed ogre closely misses you.
The two-headed ogre hits you with a +0 giant spiked club!
Ouch! That really hurt!
You die...

#..#.####
#..#....#
#..#....##
#.........
#.........
#.........
##........
#.O.......
#.@.......
#)........
#.........
#.........
#.########
#######.#
#########.......#
.<..............#
#####.########.##


You could see a two-headed ogre.

Vanquished Creatures
  Sigmund (D:3)
  Terence (D:2)
  2 adders
  3 gnolls (D:2)
  2 worms (D:2)
  2 dart slugs
  3 orcs (D:3)
  2 ball pythons
  11 bats
  4 endoplasms
  2 giant cockroaches (D:3)
  6 hobgoblins
  5 jackals (D:1)
  8 kobolds
  A quokka (D:2)
  3 frilled lizards
  9 goblins
  5 rats
70 creatures vanquished.

Vanquished Creatures (others)
  A dancing weapon (D:2)
1 creature vanquished.

Grand Total: 71 creatures vanquished

Notes
Turn   | Place    | Note
-------+----------+-------------------------------------------
     0 | D:1      | Fcdlsnvl the Spriggan Enchanter began the quest for the
                  | Orb.
     0 | D:1      | Reached XP level 1. HP: 9/9 MP: 5/5
   280 | D:1      | Reached skill level 4 in Hexes
   286 | D:1      | Reached XP level 2. HP: 13/13 MP: 7/7
   289 | D:1      | Learned a level 2 spell: Ensorcelled Hibernation
   854 | D:2      | Reached XP level 3. HP: 16/16 MP: 9/9
   858 | D:2      | Learned a level 3 spell: Tukima's Dance
   862 | D:2      | Learned a level 3 spell: Confusing Touch
   871 | D:2      | Identified the +1 whip of the Seven Lovers {vorpal, *Slow
                  | Will+ Int+5 Dex+3}
  1137 | D:2      | Noticed Terence
  1149 | D:2      | Killed Terence
  1438 | D:2      | Noticed Robin
  1489 | D:2      | Reached XP level 4. HP: 21/21 MP: 11/11
  1497 | D:2      | Reached skill level 5 in Hexes
  2217 | D:2      | Identified the ring "Vira" {rN+ Dex+4 SInv}
  2329 | D:3      | Reached XP level 5. HP: 21/24 MP: 13/13
  2395 | D:3      | Found a bloodstained altar of Trog.
  2635 | D:3      | Reached skill level 5 in Spellcasting
  2768 | D:3      | Noticed Sigmund
  2782 | D:3      | Killed Sigmund
  2783 | D:3      | Reached skill level 5 in Stealth
  2783 | D:3      | Reached skill level 6 in Hexes
  2783 | D:3      | Reached XP level 6. HP: 28/28 MP: 15/15
  2830 | D:3      | Found a transporter.
  2830 | D:3      | Noticed choppaz's ghost (amateur DjFE)
  2835 | D:3      | Learned a level 3 spell: Dazzling Flash
  2836 | D:3      | Found a transporter.
  2837 | D:3      | Identified the +1 dire flail of Law {vorpal, Fragile rPois
                  | MP+9 Dex+6}
  3225 | D:3      | Found a hazy altar of Hepliaklqana.
  3408 | D:4      | Noticed a two-headed ogre
  3424 | D:4      | Slain by a two-headed ogre

Illustrated notes

Levels and vault maps discovered:
D:1:      reono_arrival_mine, layout_rooms
D:2:      layout_loops_corners, uniq_robin, uniq_terence
D:3:      layout_basic, mainiacjoe_overflow_24_doors,
          worldfamousw_hep_ancestral_shrine, gammafunk_ghost_smash, uniq_sigmund
D:4:      layout_loops_ring, yredelemnul_forgotten_temple_becter, uniq_eustachio

Skill      XL: |  1  2  3  4  5 |
---------------+----------------+-----
Spellcasting   | 3 4 5 |  5.6
Hexes          | 4 5 6 |  6.1
Stealth        | 5 |  5.6
Short Blades   | |  1.1
Dodging        | |  2.6

Action                   |  1- 3 |  4- 6 || total
-------------------------+-------+-------++-------
Melee: Dagger            |   177 |    88 ||   265
       Punch             |     2 |     2 ||     4
 Cast: Ensorcelled Hiber |     4 |    15 ||    19
       Confusing Touch   |     1 |     1 ||     2
       Tukima's Dance    |       |     6 ||     6
  Use: Scroll            |     3 |     3 ||     6
 Stab: Sleeping          |     7 |    16 ||    23
       Confused          |     1 |     1 ||     2
       Distracted        |       |     1 ||     1
Armor: Robe              |    24 |    17 ||    41
Dodge: Dodged            |   133 |    64 ||   197

Table legend: (Time is in decaauts)
 A = Elapsed time spent in this place.
 B = Non-inter-level travel time spent in this place.
 C = Inter-level travel time spent in this place.
 D = Time resting spent in this place.
 E = Time spent auto-exploring this place.
 F = Levels seen in this place.
 G = Mean time per level.
                   A        B        C        D        E       F      G
               +--------+--------+--------+--------+--------+-----+--------+
         Total |   2493 |   2379 |    114 |    225 |   1495 |   4 |  623.2 |
       Dungeon |   2493 |   2379 |    114 |    225 |   1495 |   4 |  623.2 |
               +--------+--------+--------+--------+--------+-----+--------+

Top non-repeatable levels by time:
     D:2: 992 daAuts
     D:3: 749 daAuts
     D:1: 728 daAuts
     D:4: 22 daAuts
